 Dungeon Crawl Stone Soup version 0.29-a0-330-g52719c12eb (webtiles) character file.

Game seed: 8124054510229603808

70 tilp the Magician (level 4, 0/36 HPs)
             Began as a Draconian Hedge Wizard on May 23, 2022.
             Slain by Natasha (4 damage)
             ... on level 2 of the Dungeon.
             The game lasted 00:03:09 (1488 turns).

tilp the Magician (Draconian Hedge Wizard)          Turns: 1488, Time: 00:03:10

Health: 0/36       AC:  5    Str: 13    XL:     4   Next: 4%
Magic:  8/8        EV: 12    Int: 16    God:
Gold:   43         SH:  0    Dex: 10    Spells: 5/9 levels left

rFire   . . .      SeeInvis .   a - +1 dagger (speed)
rCold   . . .      Faith    .   (no shield)
rNeg    . . .      Spirit   .   (body armour unavailable)
rPois   .          Reflect  .   d - +0 hat
rElec   .          Harm     .   (no cloak)
rCorr   .          Rampage  .   (no gloves)
Will    .....                   (no boots)
Stlth   ++........              (no amulet)
HPRegen 0.12/turn               (no ring)
MPRegen 0.11/turn               (no ring)

@: no status effects
A: AC +5, unfitting armour, cold-blooded
a: no special abilities


You were on level 2 of the Dungeon.
You visited 1 branch of the dungeon, and saw 2 of its levels.

You collected 43 gold pieces.

Inventory:

Hand Weapons
 a - a +1 dagger of speed (weapon)
 b - a +0 hunting sling
Missiles
 g - 80 stones
Armour
 d - a +0 hat (worn)
Scrolls
 e - a scroll of immolation {unknown}
 i - a scroll of magic mapping
Potions
 c - a potion of magic
 f - a potion of curing
 h - a potion of brilliance {unknown}
 j - a potion of mutation {unknown}
 k - a potion of lignification {unknown}
 l - a potion of degeneration {unknown}


   Skills:
 + Level 2.1 Fighting
 + Level 0.3 Throwing
 + Level 2.1 Dodging
 - Level 2.0 Stealth
 - Level 3.0 Spellcasting
 + Level 2.1 Conjurations
 + Level 0.4 Hexes
 - Level 1.0 Summonings
 * Level 1.5 Translocations


You had 5 spell levels left.
You knew the following spells:

 Your Spells              Type           Power      Damage    Failure   Level
a - Magic Dart            Conj           36%        1d4       8%          1
b - Slow                  Hex            12%        N/A       16%         1
c - Blink                 Tloc           14%        N/A       14%         2

Your spell library contained the following spells:

 Spells                   Type           Power      Damage    Failure   Level
 Call Imp                 Summ           5%         N/A       19%         2
 Conjure Flame            Conj/Fire      5%         6-21      36%         3
 Mephitic Cloud           Conj/Pois/Air  4%         N/A       38%         3


Dungeon Overview and Level Annotations

Branches:
Dungeon (2/15)

Altars:

Annotations:
D:2 Natasha


Innate Abilities, Weirdness & Mutations

Your plain brown scales are hard. (AC +5)
You cannot fit into any form of body armour.
You are cold-blooded and may be slowed by cold attacks.


Message History

a - a +1 dagger of speed (weapon)
Something claws you but does no damage. The crimson imp closely misses you.
You closely miss something. Something claws you.
You barely miss something. The crimson imp barely misses you.
You closely miss something.
The white imp shouts, "Run away, thou wayward shard-borne fustilarian!"
The white imp shouts, "Slither hence, thou hateful fool-born hedge-pig!"
Something completely misses you.
The crimson imp hits you but does no damage.
You closely miss something. Something claws you.
* * * LOW HITPOINT WARNING * * *
You hit something. The crimson imp closely misses you.
You closely miss something. Something barely misses you.
The crimson imp hits you but does no damage.
You barely miss something. Something claws you but does no damage.
You hit something but do no damage. The crimson imp hits you.
* * * LOW HITPOINT WARNING * * *
You hit something. You tail-slap something. Something claws you.
* * * LOW HITPOINT WARNING * * *
The crimson imp misses you.
You miss something. Something claws you.
* * * LOW HITPOINT WARNING * * *
You hit something. The crimson imp misses you.
Unknown command.
You feel better. Something claws you but does no damage.
The crimson imp summons a swarm of flies.
The crimson imp blinks!
The white imp puffs mist at you. The white imp gestures at you.
The puff of frost hits you.
* * * LOW HITPOINT WARNING * * *
You barely miss something. Something claws you.
* * * LOW HITPOINT WARNING * * *
The crimson imp closely misses you.
You miss something.
The white imp grinds its teeth.
The white imp gestures at you. The puff of frost misses you.
The puff of frost hits the crimson imp.
The crimson imp is frozen!
Something claws you.
You die...

#...#..#.#.####.##.##.#......
#.#....#...# #....##.#......
#.#.#.###### #######.#.....<
#.#.....# #.####### #.###.#.#.#.#
#........ #.........#.# #########
#####.#.....# #
#...........#####################
#.##....#....55{@5..............#
#.#.....#..###############.####.#
#.#.....#..#####.. #.####.#
........#......... #.......
#.#.....+......... #....#.#
#.....###........! ####.#.#
####### #......... #.#.#
#>....h... #.#.# #......... #.#.#


You could see a crimson imp (summoned) and 2 white imps.

Vanquished Creatures
  Natasha (D:2)
  2 dart slugs
  A ball python (D:1)
  6 bats
  2 endoplasms (D:1)
  2 giant cockroaches (D:1)
  2 goblins (D:1)
  4 hobgoblins (D:1)
  3 jackals (D:1)
  6 quokkas
  3 frilled lizards (D:1)
  4 kobolds
  2 rats (D:1)
38 creatures vanquished.

Notes
Turn   | Place    | Note
-------+----------+-------------------------------------------
     0 | D:1      | tilp the Draconian Hedge Wizard began the quest for the
                  | Orb.
     0 | D:1      | Reached XP level 1. HP: 14/14 MP: 4/4
   235 | D:1      | Reached XP level 2. HP: 22/22 MP: 6/6
   251 | D:1      | Learned a level 1 spell: Slow
   254 | D:1      | Learned a level 2 spell: Blink
   362 | D:1      | Reached skill level 1 in Fighting
   446 | D:1      | Found a faded altar of an unknown god.
   656 | D:1      | Reached XP level 3. HP: 29/29 MP: 7/7
  1418 | D:2      | Noticed Natasha
  1431 | D:2      | Killed Natasha
  1432 | D:2      | Reached XP level 4. HP: 10/36 MP: 2/8
  1458 | D:2      | Noticed Natasha
  1488 | D:2      | Slain by Natasha

Illustrated notes

Levels and vault maps discovered:
D:1:      dpeg_arrival_windows_large_door, layout_basic,
          dreamdust_ecumenical_altar_statues, dk_noncrumbling_3,
          kennysheep_small_spiral
D:2:      layout_basic, minmay_misc_feat_four_crosses, uniq_natasha,
          uniq_terence

Skill      XL: |  1  2  3 |
---------------+----------+-----
Stealth        | 2 |  2.0
Dodging        | 2 |  2.1
Fighting       | 1 2 |  2.1
Conjurations   | 2 |  2.1
Throwing       | |  0.3
Spellcasting   | |  3.0
Hexes          | |  0.4
Summonings     | |  1.0
Translocations | |  1.5

Action                   |  1- 3 |  4- 6 || total
-------------------------+-------+-------++-------
Melee: Dagger            |       |    13 ||    13
       Tailslap          |       |     1 ||     1
 Fire: Hunting sling     |   131 |     5 ||   136
 Cast: Magic Dart        |     8 |       ||     8
  Use: Scroll            |     3 |       ||     3
       Potion            |       |     2 ||     2
Armor: Skin              |    36 |     7 ||    43
Dodge: Dodged            |    86 |     9 ||    95

Table legend: (Time is in decaauts)
 A = Elapsed time spent in this place.
 B = Non-inter-level travel time spent in this place.
 C = Inter-level travel time spent in this place.
 D = Time resting spent in this place.
 E = Time spent auto-exploring this place.
 F = Levels seen in this place.
 G = Mean time per level.
                   A        B        C        D        E       F      G
               +--------+--------+--------+--------+--------+-----+--------+
         Total |   1554 |   1513 |     41 |    177 |   1018 |   2 |  777.0 |
       Dungeon |   1554 |   1513 |     41 |    177 |   1018 |   2 |  777.0 |
               +--------+--------+--------+--------+--------+-----+--------+

Top non-repeatable levels by time:
     D:1: 1230 daAuts
     D:2: 323 daAuts
